 Dungeon Crawl Stone Soup version 0.31-a0-192-ga50d7bf3bb (webtiles) character file.

Game seed: 13774196479999022148

44 qw the Shooter (level 3, -2/20 HPs)
             Began as a Deep Elf Hunter on June 23, 2023.
             Slain by a goblin
             ... wielding a +0 club
             ... led by Robin
              (3 damage)
             ... on level 2 of the Dungeon.
             The game lasted 00:00:20 (611 turns).

qw the Shooter (Deep Elf Hunter)                     Turns: 611, Time: 00:00:21

Health: -2/20      AC:  5    Str: 10    XL:     3   Next: 41%
Magic:  5/5        EV: 11    Int: 13    God:
Gold:   63         SH:  0    Dex: 18    Spells: 2/2 levels left

rFire   . . .        Y - +0 shortbow
rCold   . . .        (shield currently unavailable)
rNeg    . . .        e - +0 ring mail
rPois   .            (no helmet)
rElec   .            (no cloak)
rCorr   .            (no gloves)
SInv    .            (no boots)
Will    .....        (no amulet)
Stlth   +            (no ring)
HPRegen 0.23/turn    (no ring)
MPRegen 0.09/turn

%: no passive effects
@: no status effects
A: no striking features
a: no special abilities


You were on level 2 of the Dungeon.
You visited 1 branch of the dungeon, and saw 2 of its levels.

You collected 92 gold pieces.
You spent 29 gold pieces at shops.


   Skills:
 - Level 1.5 Fighting
 + Level 7.0 Ranged Weapons
 - Level 2.4 Dodging
 - Level 1.2 Stealth


You had 2 spell levels left.
You didn't know any spells.
Your spell library was empty.

Inventory:

Hand Weapons
 Y - a +0 shortbow (weapon)
Armour
 e - a +0 ring mail (worn)
Scrolls
 b - a scroll of revelation {unknown}
 c - a scroll of teleportation {unknown}
Potions
 a - a potion of berserk rage {unknown}
 d - 2 potions of curing {unknown}
 f - a potion of attraction {unknown}

Dungeon Overview and Level Annotations

Branches:
Dungeon (2/15)

Altars:

Shops:
D:2 ([=*

Annotations:
D:2 Robin


Message History

Robin of the Strong Arm comes into view.
They are wielding a +3 vampiric dagger and carrying a wand of polymorph (12).
A goblin comes into view. It is wielding a +0 dagger.
A goblin comes into view. It is wielding a +0 club.
You shoot an arrow. The goblin shouts!
The arrow hits the hobgoblin.
The hobgoblin is heavily wounded.
You hear a shout! x2
A goblin comes into view. It is wielding a +0 club.
Robin throws the goblin at you!
A goblin comes into view. It is wielding a +0 club.
The goblin hits you but does no damage.
You shoot an arrow. The arrow completely misses the goblin.
The goblin shouts!
Robin roars a battlecry!
The goblins go into a battle-frenzy!
A goblin comes into view. It is wielding a +0 club.
The goblin barely misses you.
You shoot an arrow. The arrow hits the goblin.
You kill the goblin!
Robin throws the goblin at you! The goblin hits you with a +0 club.
You shoot an arrow. The arrow hits the hobgoblin!
You kill the hobgoblin!
The goblin hits you with a +0 club.
You shoot an arrow. The arrow barely misses the goblin.
The goblin misses you. The goblin hits you but does no damage.
You shoot an arrow. The arrow barely misses the goblin.
The goblin completely misses you. Robin throws the goblin at you!
The goblin hits you but does no damage. The goblin hits you with a +0 club.
The goblin closely misses you. The goblin hits you with a +0 dagger.
The goblin closely misses you.
You shoot an arrow. The arrow hits the goblin!
You kill the goblin!
The goblin hits you with a +0 club. x2; The goblin hits you with a +0 dagger.
The goblin barely misses you.
Your Ranged Weapons skill increases to level 7!
You shoot an arrow. The arrow hits the goblin.
The goblin is severely wounded.
The goblin hits you with a +0 club.
You die...

#.#.................
#..........##)......
###..........## ....#.
#%............###.#...
#..#...........%...#..#
.<.##..........##......#
..# #.........#.........
...##.g.).....#.##......
#....g@g............##.
......gg.......###......
.......g.......###.).##%
........................
..............#..##.#...
.............##.........
......)......###........
........#.#### #.#.##...
#####.#......


You could see Robin and 5 goblins.

Vanquished Creatures
  An adder (D:2)
  3 ball pythons
  4 endoplasms (D:1)
  3 hobgoblins
  3 kobolds
  A quokka (D:1)
  A bat (D:1)
  A frilled lizard (D:2)
  10 goblins
  6 rats
33 creatures vanquished.

Notes
Turn   | Place    | Note
-------+----------+-------------------------------------------
     0 | D:1      | qw the Deep Elf Hunter began the quest for the Orb.
     0 | D:1      | Reached XP level 1. HP: 12/12 MP: 3/3
     0 | D:1      | 0 ||| qw: Version: 0.3-a-9-g12657ce
     0 | D:1      | 0 ||| qw: Game counter: 4568
     0 | D:1      | 0 ||| qw: Always use a shield: true
     0 | D:1      | 0 ||| qw: God list: Okawaru
     0 | D:1      | 0 ||| qw: Allow faded altars: false
     0 | D:1      | 0 ||| qw: Do Orc after D:15 true
     0 | D:1      | 0 ||| qw: Do second Lair branch before Depths: true
     0 | D:1      | 0 ||| qw: Lair rune preference: random
     0 | D:1      | 0 ||| qw: Plans: Normal
     0 | D:1      | 0 ||| PLANNING D:1-11
   100 | D:1      | Reached XP level 2. HP: 16/16 MP: 4/4
   101 | D:1      | Reached skill level 6 in Ranged Weapons
   208 | D:1      | Found a faded altar of an unknown god.
   486 | D:1      | 486 ||| UPGRADING to +0 ring mail.
   496 | D:1      | 496 ||| DROPPING +0 leather armour.
   497 | D:1      | 497 ||| READING scroll labelled SEBIPHIXTA.
   498 | D:1      | 498 ||| READING scroll labelled VOFISE DURI.
   499 | D:1      | 499 ||| READING scroll labelled JADELO OTIREFF.
   500 | D:1      | 500 ||| DROPPING scroll of butterflies.
   511 | D:2      | Found Koitai's Assorted Antiques.
   516 | D:2      | 516 ||| SHOPLISTING 2 fizzy orange potions (59 gold, have
                  | 51).
   516 | D:2      | 516 ||| SHOPLISTING lumpy pearl amulet (165 gold, have 51).
   516 | D:2      | 516 ||| SHOPLISTING runed robe (122 gold, have 51).
   516 | D:2      | 516 ||| SHOPLISTING scroll of identify (66 gold, have 51).
   516 | D:2      | 516 ||| BUYING silvery potion (29 gold).
   516 | D:2      | Bought a silvery potion for 29 gold pieces
   524 | D:2      | Found Vegu's Jewellery Shoppe.
   529 | D:2      | Reached XP level 3. HP: 20/20 MP: 5/5
   544 | D:2      | Found Hocwen's Antique Armour Shop.
   547 | D:2      | 547 ||| SHOPLISTING +6 ring of dexterity (360 gold, have
                  | 46).
   547 | D:2      | 547 ||| SHOPLISTING Hermit's Pendant {Faith Invo=14 Evo=0
                  | MP+5} (575 gold, have 46).
   547 | D:2      | 547 ||| SHOPLISTING ring of fire (250 gold, have 46).
   547 | D:2      | 547 ||| SHOPLISTING ring of protection from fire (250 gold,
                  | have 46).
   552 | D:2      | 552 ||| SHOPLISTING bloodstained leather armour (189 gold,
                  | have 46).
   552 | D:2      | 552 ||| SHOPLISTING glowing leather armour (135 gold, have
                  | 46).
   552 | D:2      | 552 ||| SHOPLISTING shiny scale mail (189 gold, have 46).
   579 | D:2      | Found Qur Siv's Antique Weapon Shop.
   603 | D:2      | Noticed Robin
   610 | D:2      | HP: 3/20 [goblin/+0 club[Robin] (6)]
   610 | D:2      | HP: 1/20 [goblin/+0 dagger[Robin] (1)]
   611 | D:2      | Reached skill level 7 in Ranged Weapons
   611 | D:2      | Slain by a goblin

Levels and vault maps discovered:
D:1:      dpeg_arrival_rooms_with_view, layout_basic,
          chequers_ecumenical_altar_twisty
D:2:      layout_rooms, serial_shops, shop, shop,
          nicolae_shop_overgrown_old_shop, nicolae_shop_overgrown_old_shop,
          uniq_robin

Skill      XL: |  1  2  3 |
---------------+----------+-----
Ranged Weapons | 6 7 |  7.0
Fighting       | |  1.5
Dodging        | |  2.4
Stealth        | |  1.2

Action                     || total
---------------------------++-------
   Fire: Shortbow          ||    66
    Use: Scroll            ||     3
 Armour: Ring mail         ||     3
  Dodge: Dodged            ||     8

Table legend:
 A = Non-vault XP
 B = Vault XP
 C = Vault XP percentage of total XP
 D = Non-vault monster count
 E = Vault monster count
 F = Vault count percentage of total count
                 A         B        C        D         E       F
            +---------+---------+-------+---------+---------+-------
      Total |      52 |      12 |  18.8 |      26 |       7 |  21.2
            +---------+---------+-------+---------+---------+-------
        D:1 |      30 |       4 |  11.8 |      19 |       2 |   9.5
        D:2 |      22 |       8 |  26.7 |       7 |       5 |  41.7
            +---------+---------+-------+---------+---------+-------
